Cogmind - Beta 12 X1 @@@ ROGUE MODE // 2022.08.05 @ 11:58:56 Player: btmk16 Result: Destroyed by as-93522 with Assembled Heavy Rifle Performance ------------- Evolutions (0) 0 Regions Visited (2) 400 Robots Destroyed (30) 150 Value Destroyed (345) 345 Prototype IDs (2) 40 Alien Tech Used (0) 0 Bonus (67) 67 TOTAL SCORE: 1002 Bonus ------- Follower Combat Kills 67 Cogmind --------- Core Integrity 0/250 Matter 282/300 Energy 100/100 System Corruption 3% Temperature Cool (20) Movement Core (350) Ox6 Location -10/Mines Parts ------- > --- POWER (1) -------- (None) > --- PROPULSION (2) --- (None) > --- UTILITY (2) ------ Large Storage Unit > --- WEAPON (2) ------- (None) > --- INVENTORY (15) --- Light Ion Engine Small Storage Unit High-capacity Matter Pod (200) Medium Armor Plating Medium Armor Plating Medium Armor Plating Medium Armor Plating EM Pulse Gun EM Pulse Gun EM Pulse Gun Light Assault Rifle Grenade Launcher Grenade Launcher Peak State ------------ > --- POWER ------------ Ion Engine > --- PROPULSION ------- Light Treads Light Treads > --- UTILITY ---------- Large Storage Unit Improved Terrain Scanner > --- WEAPON ----------- EM Pulse Gun EM Pulse Gun > --- INVENTORY -------- Light Ion Engine Wheel Compact Wheel Small Storage Unit Light Armor Plating Medium Armor Plating Medium Armor Plating Light Assault Rifle [Rating: 10] Favorites ----------- Power Ion Engine Engine Ion Engine Propulsion Light Treads Treads Light Treads Wheel Compact Wheel Utility Improved Terrain Scanner Device Improved Terrain Scanner Storage Large Storage Unit Weapon EM Pulse Gun Energy Gun EM Pulse Gun Ballistic Gun Light Assault Rifle Launcher Grenade Launcher Build | -11 -10 -10 ------- Run | Scr Mat Min Slots Evolved . | . . . Power . | . . . Propulsion . | . . . Utility . | . . . Weapon . | . . . Parts Attached 14 | 8 3 3 Power 1 | 1 . . Engine 1 | 1 . . Core . | . . . Reactor . | . . . Propulsion 4 | 2 . 2 Treads 2 | 2 . . Leg . | . . . Wheel 2 | . . 2 Hover . | . . . Flight . | . . . Utility 3 | 2 1 . Device 1 | 1 . . Storage 2 | 1 1 . Processor . | . . . Hackware . | . . . Protection . | . . . Artifact . | . . . Weapon 6 | 3 2 1 Energy Gun 4 | 2 2 . Energy Cannon . | . . . Ballistic Gun 1 | 1 . . Ballistic Cannon . | . . . Launcher 1 | . . 1 Special Weapon . | . . . Impact Weapon . | . . . Slashing Weapon . | . . . Piercing Weapon . | . . . Special Melee Weapon . | . . . Unidentified Prototypes . | . . . Parts Lost 8 | . . 8 Power 1 | . . 1 Propulsion 4 | . . 4 Utility 1 | . . 1 Weapon 2 | . . 2 Highest Loss Streak 8 | . . 8 To Critical Strikes . | . . . Average Slot Usage (%) 99 | . 100 99 Engine 14 | . 14 14 Treads 27 | . 28 27 Device 14 | . 14 14 Storage 14 | . 14 14 Energy Gun 27 | . 28 26 Naked Turns . | . . . Heaviest Build 31 | 15 30 31 Greatest Support 40 | 40 40 40 Greatest Overweight (x) 2 | 2 . 1 Average Overweight (x) . | . . . Largest Inventory Capacity 15 | 8 15 15 Average Capacity 14 | 7 14 15 Most Carried 15 | 4 15 15 Average Carried 12 | 2 11 14 Final Capacity 15 | 8 15 15 Final Carried 15 | 4 15 13 Class Distribution -------------------- 100% | Mutant Dominant Class ---------------- Mutant | -10/Materials Mutant | -10/Mines Resources | -11 -10 -10 ----------- Run | Scr Mat Min Matter Collected 510 | 151 359 . Remotely . | . . . Salvage Created 862 | 59 591 212 Parts 70 | 4 48 18 Haulers Intercepted 2 | . 2 . Recyclers Shooed 1 | . 1 . Parts Field Recycled . | . . . Retrieved Matter . | . . . Parts Self-Destructed . | . . . Prevented . | . . . Kills | -11 -10 -10 ------- Run | Scr Mat Min Combat Hostiles Destroyed 14 | . 10 4 Guns 12 | . 8 4 AOE 2 | . 2 . Classes Destroyed 9 | 1 8 . Worker 4 | . 3 1 Builder 2 | . 1 1 Tunneler 3 | 2 . 1 Hauler 2 | . 2 . Recycler 3 | . 2 1 Operator 1 | . 1 . Watcher 1 | . 1 . Swarmer 10 | . 6 4 Grunt 4 | . 4 . Best Kill Streak 8 | 1 8 2 Combat Bots Only 3 | . 3 2 Max Kills in Single Turn 2 | 1 2 1 Gunslinging . | . . . Exploded 1 | . 1 . Melee . | . . . Uniques/NPCs Destroyed . | . . . Combat | -11 -10 -10 -------- Run | Scr Mat Min Damage Taken 935 | . 235 700 Core 251 | . 9 242 Absorbed by Shields . | . . . Core Remaining (%) 100 | 100 . . Volleys Fired 61 | 4 38 19 Largest 2 | 2 2 2 Hottest 80 | 80 80 80 Shots Fired 119 | 8 76 35 Gun 116 | 8 76 32 Cannon . | . . . Launcher 3 | . . 3 Special . | . . . Kinetic . | . . . Thermal . | . . . Explosive 3 | . . 3 Electromagnetic 116 | 8 76 32 Robot Hit Streak 5 | 4 5 4 Robot Miss Streak 4 | 3 4 3 Penetration Max . | . . . Secondary Targets 5 | . 3 2 Max Gunslinging Chain 1 | . 1 1 Shots Hit Robots 57 | 4 37 16 Core Hits 39 | 2 22 15 Critical Kills . | . . . Critical Parts Destroyed . | . . . Critical Strikes 1 | . 1 . Corrupt 1 | . 1 . Melee Attacks . | . . . Impact . | . . . Slashing . | . . . Piercing . | . . . Sneak Attacks . | . . . Combat Hostiles . | . . . Follow-up Attacks . | . . . Damage Inflicted 1157 | 50 744 363 Guns 801 | 50 560 191 Cannons . | . . . Explosions 352 | . 184 168 Melee . | . . . Ramming 4 | . . 4 Kinetic . | . . . Thermal 184 | . 184 . Explosive 168 | . . 168 Electromagnetic 801 | 50 560 191 Impact . | . . . Slashing . | . . . Piercing . | . . . Highest Corruption 3 | . . 3 Average Corruption 3 | . . 3 Corruption Purged . | . . . Corruption Blocked . | . . . Overload Shots . | . . . Overflow Damage . | . . . Projectiles . | . . . Explosions . | . . . Melee . | . . . Knockbacks . | . . . Impact . | . . . Kinetic . | . . . Secondary . | . . . Self-Inflicted Damage 70 | . 39 31 Shots 2 | . 1 1 Rammed 1 | . . 1 Targets Rammed 1 | . . 1 Kicked . | . . . Crushed . | . . . Highest Temperature 138 | 36 138 106 Average Temperature 42 | 16 45 40 Received Heat Transfer 102 | . 36 66 Siege Activations . | . . . Robots Corrupted . | . . . Combat Hostiles . | . . . Parts Fried 4 | . 3 1 Impact Corruptions . | . . . Robots Melted . | . . . Combat Hostiles . | . . . Parts Melted . | . . . Heat Transferred 250 | . 250 . Parts Sabotaged . | . . . Parts Stolen . | . . . Parts Stripped . | . . . Power Chain Reactions 3 | . 3 . Missiles Intercepted . | . . . Alert | -11 -10 -10 ------- Run | Scr Mat Min Peak Influence 311 | 10 213 311 Initial 78 | . 6 78 Average 122 | 3 104 160 Maximum Alert Level 1 | . 1 1 Low Security (%) 82 | 100 86 75 Level 1 17 | . 13 25 Level 2 . | . . . Level 3 . | . . . Level 4 . | . . . Level 5 . | . . . High Security . | . . . Max Security . | . . . Squads Dispatched 1 | . 1 . Investigation . | . . . Extermination . | . . . Reinforcement 1 | . 1 . Assault . | . . . Garrison . | . . . Intercept . | . . . Searches Triggered . | . . . Construction Impeded . | . . . Haulers Reinforced . | . . . Active Scanning Responses . | . . . Cargo Convoy Interrupts . | . . . Stealth | -11 -10 -10 --------- Run | Scr Mat Min Distress Signals 3 | . 3 . Communications Jammed . | . . . Distress Signals . | . . . Times Spotted 35 | . 16 19 Peak Tracking Total 10 | . 4 10 Tactical Retreats 2 | . 1 1 Traps | -11 -10 -10 ------- Run | Scr Mat Min Traps Triggered . | . . . Indirectly . | . . . Trap Hack Attempts . | . . . Triggered . | . . . Disarmed . | . . . Reprogrammed . | . . . Reused . | . . . Traps Extracted . | . . . Installed . | . . . Triggered 2 | . 2 . Machines | -11 -10 -10 ---------- Run | Scr Mat Min Machines Disabled 3 | . 1 2 Max in Single Turn 1 | . 1 1 Machines Sabotaged . | . . . Garrisons Compromised . | . . . Overloaded Fab Kills . | . . . Hacking | -11 -10 -10 --------- Run | Scr Mat Min Machines Accessed 4 | . 2 2 Terminals 4 | . 2 2 Fabricators . | . . . Repair Stations . | . . . Recycling Units . | . . . Scanalyzers . | . . . Garrison Access . | . . . Total Hacks 9 | . 4 5 Successful 5 | . 3 2 Failed 4 | . 1 3 Catastrophic . | . . . Database Lockouts . | . . . Manual 4 | . . 4 Terminals 9 | . 4 5 Fabricators . | . . . Repair Stations . | . . . Recycling Units . | . . . Scanalyzers . | . . . Garrison Access . | . . . Terminal Hacks 5 | . 3 2 Robot Analysis 1 | . . 1 Prototype ID Bank 1 | . 1 . Locate Traps 1 | . 1 . Zone Layout 2 | . 1 1 Fabricator Hacks . | . . . Repair Station Hacks . | . . . Recycling Unit Hacks . | . . . Scanalyzer . | . . . Garrison Access Hacks . | . . . Unauthorized Hacks . | . . . Terminals . | . . . Fabricators . | . . . Repair Stations . | . . . Recycling Units . | . . . Scanalyzers . | . . . Garrison Access . | . . . Data Cores Recovered 1 | . 1 . Used 1 | . 1 . Hacking Detections 3 | . 1 2 Full Trace Events . | . . . Feedback Events . | . . . Feedback Blocked . | . . . Robot Schematics Acquired . | . . . Robots Built . | . . . Authchips . | . . . Time . | . . . Total Robot Build Rating . | . . . Part Schematics Acquired . | . . . Parts Built . | . . . Authchips . | . . . Time . | . . . Total Part Build Rating . | . . . Parts Repaired . | . . . Time . | . . . Parts Recycled . | . . . Recycled Matter . | . . . Retrieved Matter . | . . . Retrieved Components . | . . . Parts Scanalyzed . | . . . Part Schematics Acquired . | . . . Parts Damaged . | . . . Bothacking | -11 -10 -10 ------------ Run | Scr Mat Min Used RIF Installer . | . . . Robots Hacked . | . . . Non-combat . | . . . Combat . | . . . Robot Hacks Applied . | . . . Relay Couplers Released . | . . . Fabnet Peak Effective % . | . . . Robots Rewired . | . . . Allies Hacked . | . . . Hacks Repelled . | . . . Allies | -11 -10 -10 -------- Run | Scr Mat Min Total Allies 5 | . . 5 Largest Group 5 | . . 5 Highest-Rated Group 86 | . . 86 Highest-Rated Ally 31 | . . 31 Total Orders . | . . . Ally Attacks 32 | . . 32 Total Damage 262 | . . 262 Kills 5 | . . 5 Allies Corrupted 1 | . . 1 Allies Melted . | . . . Intel | -11 -10 -10 ------- Run | Scr Mat Min Robot Analysis Total 1 | . . 1 Derelict Logs Recovered 1 | . . 1 Drone Launches . | . . . Drone Recoveries . | . . . Exploration | -11 -10 -10 ------------- Run | Scr Mat Min Turns Passed 1264 | 105 551 608 Spaces Moved 642 | 53 250 339 Core 7 | 7 . . Treads 632 | 46 250 336 Legs . | . . . Wheels 3 | . . 3 Hover . | . . . Flight . | . . . Fastest Speed 50 | 50 160 115 Average Speed 158 | 147 160 159 Slowest Speed 240 | 160 160 240 Overloaded Moves . | . . . Propulsion Burnouts . | . . . Robots Hopped . | . . . Cave-ins Triggered . | . . . Exploration Rate (%) 34 | 4 48 52 Regions Visited 2 Branch Regions 1 Pre-discovered Areas 1 | . . 1 Known Exits Taken . | . . . Unknown Exits Taken 2 | 1 1 . Scrap Searched 1 | . . 1 Spaces Dug 10 | . . 10 Terrain Destroyed 30 | . 7 23 Melee . | . . . Projectile . | . . . AOE 30 | . 7 23 Terrain Rammed . | . . . Walls Destroyed . | . . . Machines Disabled . | . . . Actions | -11 -10 -10 --------- Run | Scr Mat Min Total 760 | 68 324 368 Wait 30 | . 24 6 Move 640 | 52 249 339 Hop . | . . . Pick Up 13 | 4 9 . Fast Attach 7 | 7 . . Attach 2 | . . 2 Detach . | . . . Swap 5 | 1 3 1 Drop 1 | . 1 . Fire 61 | 4 38 19 Melee . | . . . Ram 1 | . . 1 Kick . | . . . Crush . | . . . Escape Stasis . | . . . Rewire . | . . . Trap . | . . . Miscellaneous . | . . . Route ------- -11/Scrapyard -10/Materials (discovered 2 exits: [*Mat] / *Min) -10/Mines (discovered 2 exits: [*Mat x2]) History --------- Turn | Location | Event 19 | -11/Scrapyard | Discovered new exit (range 15) 106 | -11/Scrapyard | Entered Materials 280 | -10/Materials | Discovered new exit (range 16) 320 | -10/Materials | Build established: Mutant 517 | -10/Materials | Discovered new exit (range 16) 657 | -10/Materials | Entered Mines 691 | -10/Mines | Met a Derelict bent on vengeance 723 | -10/Mines | Assisted by bots powering up and referring to "LRC-V3" 731 | -10/Mines | Learned location of Zion (-6) 924 | -10/Mines | Discovered new exit (range 8) 988 | -10/Mines | Discovered new exit (range 5) 1208 | -10/Mines | Assembled infested the area 1261 | -10/Mines | Core integrity fell below 50% 1264 | -10/Mines | Core integrity fell below 20% 1265 | -10/Mines | Destroyed by as-93522 with Assembled Heavy Rifle Last Messages --------------- 01227_ Mercenary 1a destroyed. 01229_ as-90072 suffers critical hit (Burn). 01230_ Trooper 1a system corrupted by crushing effect. 01231_ Trooper 1a system terminally corrupted. 01231_ as-38620 destroyed. 01232_ BI-31R(g) destroyed. 01238_ IZ-A2N(z) destroyed. 01239_ Trooper 1b destroyed. 01245_ EM Pulse Gun destroyed. 01252_ Lgt. Treads destroyed. 01257_ Seismic Survey Station disabled. 01258_ Wheel destroyed. 01259_ Grenade Launcher destroyed. 01260_ as-03768 destroyed. 01261_ K-01 Serf collects debris. 01262_ Ion Engine destroyed. 01262_ Imp. Terrain Scanner destroyed. 01263_ Slammed into K-01 Serf. 01263_ Com. Wheel destroyed. 01263_ System corrupted by crushing effect (+3). Map ----- +----------------------------------------------------+ | ??????####????????????????####??????????????????? | | #????## ################## ##?????????????????? | | #???## ## #?????#???????????? | | ????# ##????????????????? | | ????# ## ####### """ ##????????????????? | | ????# < ## #?????## """ ##????????????????? | | ????# ## ##?????## """ #????????????????? | | ????# ## #??##?#?# #???#????????????? | | #???## ### #???#???## ##??????#?????????? | | #????#####?# #???##???# ##?????????#???????? | | ?????#???#?# #??#?#?#?## ##??????????????????? | | #??????#???# #??#????### #????#??????????????? | | ??#??????### #??#?#???## #???????????????????? | | ???????????# #?????#??# ###??????????#??#????? | | ???##??????# #???##?#?# ##??###???????????????? | | ???#??#?#??# #???##???# ###########?#???#??????? | | ??????#????# ##?####?##### ###???#??????? | | ???????#???# #?##????????# ############ | | ??????#?#### ####?#???#### =%=%=[%%%% | | ???????## ##????#?# " " *! ############ | | ???#????# """*#?#?#???# # % #?????????#? | | ?????##?# """%#######?# a a ##=###??#???????? | | ????????# " !%*[ #?# aa a ## #????????????? | | ?????##?# *%*=##### #?# ## #????????????? | | ????????# """%#??## ### ## #????####????? | | ????#???# """[#?#?# k @a%" " ## #??? ##???? | | ???????## """ ##??# ####*%a T# ### #???? | | ???????#T #?#?# ##?######### #?#?? | | ????#??## #??## ###???##??# #????? | | ????????# < #?### #??????#?## ##????? | | ???#????# #?## ##??????## ## ##?????? | | ????????#########?# ######## ##??##??????? | | #???#??#????#??#### | *=%!= ##???#???????? | | ????????#????### ##### ### ##????????????? | | ????????#??????# ## ##???# #?# #?????????????? | | ?????########### ## ##?#??# #?# #?????????????? | | ?#???# ! ###???# #?# #?????????????? | | ?##### ############ ##???# #?# #?????#???????? | | ?# ###????#???# #??# ? ?????????????? | | ?# ##????????##! #?###?### ????????????? | | ?# ####??????##### ???????????????????? | | ?### #???#????#???###### #?????????????????? | | ???# #########?#??#????????????????????????? | | ???# #????#?????????????????????????? | | ???## #?????????????#????????????????? | | ???### ######## #????????#?????????????????????? | | ?#???# #??????#!#?##????#??????????????????????? | | ????## #?#???##%#?#?????????#??????????????????? | | ?????# ###????#=#??????????????????????????????? | | ????## ##?###=#?#???#????????????????????????? | +----------------------------------------------------+ Best States ------------- Heat Dissipation 25 Energy Generation 10 Energy Capacity 250 Matter Stores 300 Matter Capacity 300 Sight Range 16 Terrain Scan Range 16 Terrain Scan Density 10 Evasion (%) 40 Recoil Reduction 2 Item Schematics ----------------- None Robot Schematics ------------------ None Fabricated ------------ Nothing Alien Tech Used ----------------- None Achievements -------------- None Challenges ------------ None Game ------ Seed HardlightFissionRecalibrator Manual? 0 Play Time 00:11:25 Cumulative 448.4 hours Start 2022.08.04 @ 16:05:15 End 2022.08.05 @ 11:58:56 Sessions 1 Manual Loads 0 Difficulty Rogue Special Mode None Game No. 500 Rogue 499 Adventurer 0 Explorer 1 Win Type - Total 14 Types 9/0/2/3/0/0/0/0/0 Lore% 78 Gallery% 88 Achievement% 68 Wizard Run 0 Options --------- ASCII 0 Keyboard 1 Movement Vi Keybinds 0 Fullscreen 1 Font 18/SmallcapsGlow Map View 76x50 Tactical HUD 1 Map Filters NONE Filters NONE Steam 1 RUN: dda1233b-1e18-46a1-aef3-a130d6902ae8